 Dungeon Crawl Stone Soup version 0.21-a0-1-gaf3b9a5 (webtiles) character file.

26 MTVSty1e the Insei (level 2, 0/22 HPs)
             Began as a Demonspawn Transmuter on May 20, 2017.
             Slain by an adder (3 damage)
             ... on level 2 of the Dungeon.
             The game lasted 00:03:05 (1209 turns).

MTVSty1e the Insei (Demonspawn Transmuter)          Turns: 1209, Time: 00:03:05

Health: 0/22       AC:  2    Str: 10    XL:     2   Next: 89%
Magic:  0/5        EV: 12    Int: 14    God:
Gold:   54         SH:  3    Dex: 13    Spells: 4/5 levels left

rFire    . . .     SeeInvis .   g - +0 dagger
rCold    . . .     Gourm    .   l - +0 buckler
rNeg     . . .     Faith    .   b - +0 robe
rPois    .         Spirit   +   (no helmet)
rElec    .         Reflect  .   (no cloak)
rCorr    .         Harm     .   (no gloves)
MR       .....                  (no boots)
Stlth    +.........             (no amulet)
Regen    0.1/turn               (no ring)
MPRegen  0.1/turn               (no ring)

@: lethally poisoned (0 -> -5), appendage (expiring), very slightly contaminated
A: horns 2, magic shield
a: End Transformation


You were on level 2 of the Dungeon.
You were not hungry.
You had grown temporary horns.
You visited 1 branch of the dungeon, and saw 2 of its levels.

You collected 54 gold pieces.

Inventory:

Hand Weapons
 g - a +0 dagger (weapon)
Armour
 b - a +0 robe (worn)
 l - a +0 buckler (worn)
Scrolls
 f - 2 scrolls of remove curse {unknown}
 h - a scroll of enchant armour {unknown}
 i - a scroll of magic mapping {unknown}
Potions
 e - a potion of might {unknown}
 j - a potion of cancellation {unknown}
Books
 c - a book of Changes

   Spells                             Type                      Level
   a - Beastly Appendage              Transmutation                1
   b - Sticks to Snakes               Transmutation                2
   c - Spider Form                    Transmutation/Poison         3
   d - Ice Form                       Ice/Transmutation            4
   e - Blade Hands                    Transmutation                5
Comestibles
 d - 3 bread rations
 k - a meat ration


   Skills:
 * Level 1.9 Fighting
 + Level 2.1 Dodging
 + Level 0.0 Shields
 + Level 2.8 Unarmed Combat
 + Level 2.2 Spellcasting
 + Level 2.0 Transmutations


You had 4 spell levels left.
You knew the following spells:

 Your Spells              Type           Power        Failure   Level  Hunger
a - Beastly Appendage     Tmut           #.....       17%         1    #......


Dungeon Overview and Level Annotations

Branches:
Dungeon (2/15)

Altars:


Innate Abilities, Weirdness & Mutations

When hurt, damage is shared between your health and your magic reserves.
You have a pair of horns on your head.


Message History

You grow a pair of large bovine horns.
The adder barely misses you.
You hit the adder but do no damage. The adder bites you.
You barely miss the adder. The adder bites you.
* * * LOW HITPOINT WARNING * * *
The adder bites you.
* * * LOW HITPOINT WARNING * * *
You hit the adder.
The adder is lightly wounded.
The adder barely misses you.
You closely miss the adder. Your headbutt misses the adder.
The adder is lightly wounded.
Your transformation is almost over.
The adder bites you.
You are lethally poisoned!
The adder poisons you! The adder closely misses you.
You hit the adder.
The adder is moderately wounded.
* * * LOW HITPOINT WARNING * * *
You feel sick. The adder bites you.
You die...

### #. ..# ....
...##.##..# .# #.#.
#.#...#..#..## #.#.
#...#........ #.#.
#....#.#..# ##.#.
##.#.#.#..####...) ##
#.#.#....##......
.#...####.#.##...#..)...#
....)..S@..............##
##...###.##.##.........#
... #.##.##.##..†..## .
#!##.##.###...##
#.#...#.# ##.## ......#.#
#.# ........# #.# ...#.
### #.# #.#


You could see an adder.

Vanquished Creatures
  2 dart slugs (D:1)
  4 bats
  5 goblins
  3 jackals (D:1)
  A frilled lizard (D:2)
  3 kobolds
  4 rats
22 creatures vanquished.

Notes
Turn   | Place    | Note
-------+----------+-------------------------------------------
     0 | D:1      | MTVSty1e the Demonspawn Transmuter began the quest for the Orb.
     0 | D:1      | Reached XP level 1. HP: 15/15 MP: 3/3
   355 | D:1      | Gained mutation: When hurt, damage is shared between your health and your magic reserves. [demonic ancestry]
   355 | D:1      | Reached XP level 2. HP: 20/21 MP: 3/5
  1209 | D:2      | Slain by an adder

Vault maps used:
D:1:      elethiomel_arrival_maze
D:2:      okawaru_gym_becter

Skill      XL: |  1  2 |
---------------+-------+-----
Dodging        | 2 |  2.1
Transmutations | 2 |  2.0
Fighting       | |  1.9
Unarmed Combat | |  2.8
Spellcasting   | |  2.2

Action                   || total
-------------------------++-------
Melee: Dagger            ||    91
       Unarmed           ||     6
       Kick              ||     5
       Headbutt          ||     2
 Cast: Beastly Appendage ||    10
  Eat: Chunk             ||     1
Armor: Robe              ||    26
Dodge: Dodged            ||    84
Block: Buckler           ||     7
